 Dungeon Crawl Stone Soup version 0.26.0-18-gc5c842f807 (webtiles) character file.

Game seed: 9896433715245146343

446 kaeus the Skirmisher (level 6, 0/49 HPs)
             Began as a Demonspawn Fighter on Jan 23, 2021.
             Slain by a worker ant (6 damage)
             ... on level 4 of the Dungeon.
             The game lasted 00:02:40 (3398 turns).

kaeus the Skirmisher (Demonspawn Fighter)           Turns: 3398, Time: 00:02:40

Health: 0/49       AC:  7    Str: 18    XL:     6   Next: 73%
Magic:  6/6        EV:  8    Int:  9    God:
Gold:   191        SH:  9    Dex: 13    Spells: 5/5 levels left

rFire    . . .     SeeInvis .   a - +0 war axe
rCold    + . .     Faith    .   c - +0 kite shield
rNeg     . . .     Spirit   .   u - +2 ring mail {rC+}
rPois    .         Reflect  .   (no helmet)
rElec    .         Harm     .   (no cloak)
rCorr    .         Rampage  .   (no gloves)
Will     .....                  (no boots)
Stlth    +.........             (no amulet)
HPRegen  0.16/turn              (no ring)
MPRegen  0.10/turn              (no ring)

@: lethally poisoned (0 -> -5)
A: claws 2, talons 1
a: no special abilities


You were on level 4 of the Dungeon.
You visited 1 branch of the dungeon, and saw 4 of its levels.

You collected 191 gold pieces.

Inventory:

Hand Weapons
 a - a +0 war axe (weapon)
Armour
 c - a +0 kite shield (worn)
 u - a +2 ring mail of cold resistance (worn)
Wands
 k - a wand of enslavement (11)
Scrolls
 f - a scroll of fog {unknown}
 g - a scroll of noise {unknown}
 j - 3 scrolls of identify {unknown}
 l - a scroll of enchant armour {unknown}
 n - a scroll of fear {unknown}
 o - 2 scrolls of teleportation {unknown}
 r - a scroll of enchant weapon {unknown}
 s - a scroll of random uselessness {unknown}
Potions
 b - a potion of magic {unknown}
 d - 2 potions of might
 e - a potion of curing {unknown}
 h - a potion of lignification {unknown}
 i - a potion of heal wounds
 m - 2 potions of attraction {unknown}
 p - a potion of brilliance {unknown}
 q - a potion of flight {unknown}
 t - a potion of berserk rage {unknown}


   Skills:
 + Level 4.6 Fighting
 + Level 3.6 Axes
 + Level 4.1 Armour
 + Level 4.1 Shields


You had 5 spell levels left.
You didn't know any spells.
Your spell library was empty.

Dungeon Overview and Level Annotations

Branches:
Dungeon (4/15)
 Temple: D:4-7

Altars:
Cheibriados
Dithmenos
Okawaru
Ru


Innate Abilities, Weirdness & Mutations

You have very sharp fingernails.
You have sharp toenails.


Message History

The worker ant bites you.
* * * LOW HITPOINT WARNING * * *
You are poisoned.
The worker ant poisons you!
You take 3 damage, and have 10/49 hp.
You hit the worker ant.
The worker ant is moderately wounded.
You feel sick.
The orc hits you from afar with a +0 trident.
* * * LOW HITPOINT WARNING * * *
The orc priest looks braver for a moment.
The worker ant bites you.
* * * LOW HITPOINT WARNING * * *
You block the orc's attack. You block the worker ant's attack.
You take 4 damage, and have 6/49 hp.
You hit the worker ant. You claw the worker ant.
The worker ant is severely wounded.
* * * LOW HITPOINT WARNING * * *
You feel sick. The worker ant bites you.
You die...

#<.........##
##..........#
#..........#
##.........###
#...........####
#..............##
##..........###...
#.##......### ###.
#@###.##### ##
.....oB## ###
......o ...[..#
...... #....#
..... .....


You could see a worker ant, an orc priest and an orc.

Vanquished Creatures
  Sigmund (D:2)
  A hound (D:4)
  An orc priest (D:4)
  Natasha (thrice) (D:3)
  5 adders
  2 worms (D:3)
  A dart slug (D:1)
  2 leopard geckos
  9 orcs
  A ball python (D:1)
  7 bats
  7 giant cockroaches
  3 goblins
  10 hobgoblins
  10 jackals
  4 frilled lizards
  5 kobolds
  8 rats
80 creatures vanquished.

Notes
Turn   | Place    | Note
-------+----------+-------------------------------------------
     0 | D:1      | kaeus the Demonspawn Fighter began the quest for the Orb.
     0 | D:1      | Reached XP level 1. HP: 18/18 MP: 1/1
    83 | D:1      | Gained mutation: You have sharp toenails. [demonic
                  | ancestry]
    83 | D:1      | Reached XP level 2. HP: 15/24 MP: 2/2
   547 | D:1      | Gained mutation: You have sharp fingernails. [demonic
                  | ancestry]
   547 | D:1      | Reached XP level 3. HP: 29/29 MP: 3/3
   815 | D:1      | Found a snail-covered altar of Cheibriados.
  1632 | D:2      | Gained mutation: You have very sharp fingernails. [demonic
                  | ancestry]
  1632 | D:2      | Reached XP level 4. HP: 34/35 MP: 4/4
  1674 | D:2      | Noticed Sigmund
  1686 | D:2      | Killed Sigmund
  1687 | D:2      | Reached XP level 5. HP: 9/42 MP: 5/5
  1953 | D:2      | You fall into a shaft and drop 1 floor!
  1989 | D:3      | Found a sacrificial altar of Ru.
  2007 | D:3      | Noticed Natasha
  2016 | D:3      | Killed Natasha
  2017 | D:3      | Reached XP level 6. HP: 25/48 MP: 6/6
  2230 | D:3      | Noticed Natasha
  2239 | D:3      | HP: 1/48 [Natasha/magic dart (6)]
  2240 | D:3      | Killed Natasha
  2280 | D:3      | Noticed Natasha
  2375 | D:3      | Killed Natasha
  2939 | D:3      | Found an iron altar of Okawaru.
  2954 | D:3      | Found a shadowy altar of Dithmenos.
  3383 | D:4      | HP: 2/49 [orc priest (4)]
  3398 | D:4      | Slain by a worker ant

Illustrated notes

Levels and vault maps discovered:
D:1:      tarquinn_simple_flora_water_b, layout_basic, cheibriados_altar_1
D:2:      layout_loops_cross, lemuel_zombie_altar_kikubaaqudgha, uniq_sigmund
D:3:      layout_basic, okawaru_trees_2, overflow_temple_1_default,
          nicolae_dithmenos_through_a_glass_darkly, uniq_natasha
D:4:      layout_cave_pods

Skill      XL: |  1  2  3  4  5  6 |
---------------+-------------------+-----
Axes           | 2 3 |  3.6
Shields        | 3 4 |  4.1
Armour         | 3 4 |  4.1
Fighting       | 4 |  4.6

Action                   |  1- 3 |  4- 6 || total
-------------------------+-------+-------++-------
Melee: War axe           |   117 |   116 ||   233
       Kick              |    23 |    26 ||    49
  Use: Scroll            |     1 |       ||     1
       Potion            |       |     2 ||     2
Armor: Scale mail        |    71 |    41 ||   112
       Ring mail         |       |    12 ||    12
Dodge: Dodged            |    38 |    55 ||    93
Block: Kite shield       |    68 |    77 ||   145
